 Dungeon Crawl Stone Soup version 0.29.1-1-gd02db6906a (webtiles) character file.

Game seed: 13854204300520313968

50938 croobank the Spry (level 14, -7/70 HPs)
             Began as a Felid Summoner on Oct 2, 2022.
             Was an Initiate of Gozag.
             Killed from afar by a quicksilver dragon (37 damage)
             ... with a bolt of dispelling energy
             ... on level 4 of the Snake Pit on Oct 3, 2022.
             The game lasted 04:56:45 (44889 turns).

croobank the Spry (Felid Summoner)                 Turns: 44889, Time: 04:56:46

Health: -7/70      AC:  3    Str:  4    XL:     14   Next: 21%
Magic:  6/31       EV: 31    Int: 23    God:    Gozag
Gold:   1816       SH:  5    Dex: 18    Spells: 3/37 levels left
                                        Lives:  0   Deaths: 2

rFire   + + .      SeeInvis +   (weapon unavailable)
rCold   + . .      Faith    .   (shield unavailable)
rNeg    . . .      Spirit   .   (body armour unavailable)
rPois   .          Reflect  +   (helmet unavailable)
rElec   .          Harm     .   (cloak unavailable)
rCorr   .          Rampage  .   (gloves unavailable)
Will    ++...                   (boots unavailable)
Stlth   +++.......              e - amulet of reflection
HPRegen 0.21/turn               A - ring of protection from fire
MPRegen 0.22/turn               y - ring of wizardry

@: gold aura, on berserk cooldown, very slightly contaminated, slowed, slow
A: very small, claws 1, fangs 3, see invisible, speed 1, shaggy fur 3, stealthy
paws, no weapons or thrown items, no armour, multi-lived, fire resistance 1
a: Renounce Religion, Potion Petition, Call Merchant, Bribe Branch


You were on level 4 of the Snake Pit.
You worshipped Gozag.
Gozag was most pleased with you.
You visited 5 branches of the dungeon, and saw 26 of its levels.
You also visited: Gauntlet and Volcano.

You collected 8952 gold pieces.
You spent 2148 gold pieces at shops.
You paid 4988 gold pieces to Gozag.

Inventory:

Jewellery
 e - an amulet of reflection (around neck)
 g - a +6 ring of dexterity
 n - a +6 ring of dexterity
 p - an amulet of magic regeneration
 t - a ring of resist corrosion
 u - the amulet of Essetsom {Acrobat Regen+}
   (You acquired it on level 8 of the Dungeon)

   [amulet of the acrobat]

   It increases your evasion while moving and waiting.
   Regen:     It increases your rate of health regeneration.
 y - a ring of wizardry (right paw)
 A - a ring of protection from fire (left paw)
 B - a +6 ring of strength
 E - a ring of flight
 H - an amulet of guardian spirit
 L - a ring of ice
 P - an amulet of the acrobat
Wands
 a - a wand of flame (38)
 x - a wand of digging (4)
 M - a wand of mindburst (5)
Scrolls
 d - 9 scrolls of teleportation
 j - 3 scrolls of amnesia
 k - 7 scrolls of fog
 m - 3 scrolls of magic mapping
 o - 2 scrolls of silence
 q - 3 scrolls of brand weapon
 r - 3 scrolls of immolation
 I - a scroll of vulnerability
 J - 3 scrolls of poison
 N - 5 scrolls of identify
Potions
 c - 3 potions of cancellation
 h - 12 potions of curing
 i - 2 potions of mutation
 l - 2 potions of brilliance
 v - 3 potions of berserk rage
 w - 3 potions of attraction
 z - 2 potions of flight
 F - 2 potions of lignification
Miscellaneous
 b - a condenser vane
 G - a tin of tremorstones (2/2)


   Skills:
 + Level 13.3 Fighting
 + Level 17.3 Dodging
 - Level 4.4 Stealth
 - Level 12.0 Spellcasting
 - Level 3.0 Conjurations
 - Level 7.0 Hexes
 - Level 12.0 Summonings
 + Level 7.3 Transmutations
 - Level 5.0 Ice Magic
 - Level 7.0 Air Magic
 + Level 6.1 Earth Magic
 - Level 4.8 Poison Magic


You had 3 spell levels left.
You knew the following spells:

 Your Spells              Type           Power      Damage    Failure   Level
a - Summon Small Mammal   Summ           100%       N/A       1%          1
b - Call Imp              Summ           62%        N/A       1%          2
c - Call Canine Familiar  Summ           62%        N/A       1%          3
d - Summon Guardian Gole  Hex/Summ       55%        N/A       1%          3
e - Summon Lightning Spi  Summ/Air       55%        N/A       1%          4
f - Poisonous Vapours     Pois/Air       82%        N/A       1%          2
g - Summon Mana Viper     Hex/Summ       55%        N/A       1%          5
h - Summon Ice Beast      Ice/Summ       52%        N/A       1%          4
i - Fulminant Prism       Conj/Hex       18%        3d11      2%          4
j - Statue Form           Tmut/Erth      29%        N/A       17%         6

Your spell library contained the following spells:

 Spells                   Type           Power      Damage    Failure   Level
 Apportation              Tloc           26%        N/A       1%          1
 Freeze                   Ice            100%       1d11      1%          1
 Magic Dart               Conj           100%       1d8       1%          1
 Searing Ray              Conj           54%        2d6       1%          2
 Dazzling Flash           Conj/Hex       72%        N/A       1%          3
 Frozen Ramparts          Ice            72%        1d11      1%          3
 Ignite Poison            Fire/Tmut/Pois 32%        N/A       1%          3
 Stone Arrow              Conj/Erth      68%        3d11      1%          3
 Sublimation of Blood     Necr           13%        N/A       2%          2
 Conjure Flame            Conj/Fire      20%        6-21      3%          3
 Leda's Liquefaction      Hex/Erth       22%        N/A       1%          4
 Petrify                  Tmut/Erth      44%        N/A       1%          4
 Hailstorm                Conj/Ice       32%        3d8       3%          4
 Alistair's Intoxication  Tmut/Pois      27%        N/A       4%          5
 Lee's Rapid Deconstruct  Erth           21%        3d13*     4%          5
 Irradiate                Conj/Tmut      18%        3d17      6%          5
 Iskenderun's Mystic Bla  Conj/Tloc      20%        2d6       10%         4
 Sticky Flame             Conj/Fire      20%        2d4       10%         4
 Monstrous Menagerie      Summ           31%        N/A       12%         7
 Borgnjor's Vile Clutch   Necr/Erth      13%        N/A       16%         5
 Dispel Undead            Necr           13%        3d9       17%         4
 Starburst                Conj/Fire      10%        6d5       80%         6
 Death Channel            Necr           6%         N/A       93%         6
 Lehudib's Crystal Spear  Conj/Erth      17%        10d5      100%        8
 Animate Armour           Summ/Erth      Unusable   N/A       N/A         4
 Corpse Rot               Necr/Pois/Air  Unusable   N/A       N/A         4
 Animate Dead             Necr           Unusable   N/A       N/A         4

Dungeon Overview and Level Annotations

Branches:
Dungeon (14/15)            Temple (1/1) D:5            Lair (5/5) D:9
  Swamp (0/4) Lair:2        Snake (4/4) Lair:3          Orc (2/2) D:11
    Elf (0/3) Orc:2        Vaults (0/5) D:13        Volcano (visited)
Gauntlet (visited)
  Slime: Lair:4-5

Altars:
Ashenzari
Cheibriados
Dithmenos
Elyvilon
Fedhas
Gozag
Kikubaaqudgha
Makhleb
Nemelex Xobeh
Okawaru
Qazlal
Ru
Sif Muna
Trog
Uskayaw
Vehumet
Wu Jian
Xom
Zin
The Shining One

Shops:
D:10 :   D:14 (   Orc:1 !   Orc:2 =((:   Lair:3 *   Snake:1 ::*:   Snake:2 !
Snake:3 =

Annotations:
D:14 3 runed translucent doors, Mellaop's ghost, journeyman FoFi; Uummannaq's ghost, journeyman MiFi; Wociock's ghost, journeyman DgHW
Lair:4 exclusion: 3 oklob plants
Snake:2 Vashnia


Innate Abilities, Weirdness & Mutations

You have sharp claws.
You have razor-sharp teeth.
You have supernaturally acute eyesight. (SInv)
You cover ground quickly. (Speed+)
Your thick and shaggy fur keeps you warm. (AC +3, rC+)
Your paws help you pounce on unaware monsters.
You are incapable of wielding weapons or throwing items.
You cannot wear armour.
You gain extra lives every three experience levels.
Your flesh is heat resistant. (rF+)


Message History

The naga mage dies!
The quicksilver dragon barely misses your mana viper. x2
Your mana viper closely misses the quicksilver dragon.
The quicksilver dragon bites your mana viper!!
The quicksilver dragon claws your mana viper!
Your mana viper dies!
Your mana viper disappears in a puff of smoke!
The quicksilver dragon roars deafeningly!
You scratch the quicksilver dragon.
The quicksilver dragon is almost dead.
You hear a shout!
The black mamba is distracted by your dazzling golden aura.
The quicksilver dragon breathes dispelling energy at you.
The bolt of dispelling energy hits you!!
Your magical effects are unravelling.
The black mamba hisses angrily.
You barely miss the quicksilver dragon.
The quicksilver dragon is almost dead.
You feel your willpower return.
The black mamba is no longer distracted by gold.
The quicksilver dragon completely misses you.
The quicksilver dragon misses you.
The quicksilver dragon breathes dispelling energy at you.
The bolt of dispelling energy hits you!!
Okay, then.
You feel a strong urge to attack something.
You feel your anger nearly subside.
You are no longer berserk.
You are exhausted.
You feel yourself slow down.
Casting: Summon Mana Viper (dangerous; 1% risk of failure)
Confirm with . or Enter, or press ? or * to list all spells.
You miscast Statue Form.
You are very lightly contaminated with residual magic.
Nothing appears to happen.
The quicksilver dragon breathes dispelling energy at you.
The bolt of dispelling energy hits you!!!
Your magical effects are unravelling.
Ouch! That really hurt!
You die...
Your body crumbles into a pile of gold.

.#.#######..#####....##. ###
.......##.☼§..........#.# ###..
.).....##..N§..........######..##
<.....$..S☼☼.$S.....##.##....####
).....####.N.#......##...........
.....## ######N................#
....## #.D..###..........# ..D##
##D.#####.........# ##.#
##@#..###........## ....
##.#....###......... .##..
##.#......###......#. ..##..
#..........###...###. .#.#
.....#.........###.## .#.#
...##..........# ... .#.# ...
#.......#### .#.# .. ##.....##
.#.# #....##


You could see 2 quicksilver dragons, a black mamba and a naga mage (fast,
curare).

Vanquished Creatures
  Donald (Snake:2)
  A fire dragon (Lair:5)
  An anaconda (Snake:3)
  A shock serpent (Snake:4)
  A cyclops (D:13)
  A salamander (Volcano)
  3 black mambas
  A torpor snail (Lair:5)
  A tyrant leech (Lair:5)
  A yak (D:9)
  An orc warrior (Orc:2)
  A centaur (Orc:2)
  A bullfrog (Lair:3)
  9 electric eels
  3 orc wizards
  6 orcs
  A ball python (D:2)
  2 giant cockroaches (D:2)
  A goblin (D:4)
  A jackal (D:5)
  3 training dummies (D:14)
  A bat (D:1)
42 creatures vanquished.

Vanquished Creatures (collateral kills)
  Aizul (Snake:2)
  Nessos (Lair:3)
  5 hydras
  3 boulder beetles
  4 anacondas
  3 two-headed ogres
  A catoblepas (Lair:5)
  5 naga warriors
  3 death yaks (Lair:5)
  An orc high priest (Orc:2)
  4 shock serpents
  10 naga sharpshooters
  Nergalle (Orc:1)
  A deep troll (D:13)
  2 salamander mystics
  A swamp dragon (Lair:5)
  4 naga ritualists
  2 wizards
  2 lindwurms
  2 orc knights
  2 deep elf pyromancers
  9 mana vipers
  2 oklob plants
  5 ugly things
  7 salamanders
  2 cyclopes
  A guardian serpent (Snake:3)
  3 orc sorcerers
  9 naga magi
  21 black mambas
  4 torpor snails (Lair:5)
  A gargoyle (D:12)
  6 cane toads
  10 komodo dragons
  A kobold demonologist (D:10)
  A tengu conjurer (D:12)
  4 hornets (Lair:5)
  6 trolls
  3 polar bears
  A tyrant leech (Lair:5)
  13 blink frogs
  A shadow (D:11)
  5 wraiths
  A vampire (D:10)
  11 wyverns
  3 fire bats (Volcano)
  3 basilisks
  A hog (shapeshifter) (D:14)
  10 yaks
  8 steam dragons
  9 vampire mosquitoes
  2 wargs (Orc:1)
  28 nagas
  2 acid dragons
  A two-headed ogre zombie (D:11)
  2 hell hounds (Lair:3)
  13 water moccasins
  3 swamp drakes (Lair:5)
  37 orc warriors
  6 ogres
  7 wolves
  12 centaurs
  A phantom (D:11)
  2 kobold brigands (D:10)
  11 bullfrogs
  3 scorpions
  2 troll zombies (D:11)
  5 howler monkeys
  2 nameless horrors
  18 orc priests
  7 hounds
  6 iguanas
  32 orc wizards
  4 ogre zombies (D:11)
  4 gnolls (D:5)
  3 adders
  A shadow imp (D:6)
  A white imp (D:6)
  2 ufetubi
  A worm (D:4)
  3 dart slugs
  93 orcs
  3 bats
  6 endoplasms
  3 giant cockroaches (D:1)
  3 goblins
  5 hobgoblins
  5 jackals
  2 quokkas
  8 ball pythons
  4 frilled lizards (D:1)
  2 goblin skeletons (D:11)
  2 goblin zombies (D:11)
  A hobgoblin skeleton (D:11)
  A hobgoblin zombie (D:11)
  12 kobolds
  An orc skeleton (D:11)
  13 orc zombies (D:11)
  8 rats
  A butterfly (Lair:4)
613 creatures vanquished.

Vanquished Creatures (others)
  Louise (Snake:1)
  An ice dragon (Lair:5)
  2 hydras
  4 anacondas
  A death yak (Lair:5)
  A tengu warrior (D:12)
  3 naga warriors (Snake:1)
  A naga sharpshooter (Snake:3)
  2 naga ritualists
  A mana viper (Snake:2)
  An orc knight (Orc:1)
  An ugly thing (D:14)
  A manticore (D:14)
  5 black mambas
  3 naga magi
  A cane toad (Lair:3)
  2 komodo dragons
  2 trolls
  2 tyrant leeches (Lair:5)
  3 hornets (Lair:5)
  4 blink frogs
  2 wyverns (D:9)
  18 yaks
  A basilisk (Lair:2)
  2 vampire mosquitoes (D:10)
  A steam dragon (D:7)
  Edmund (D:5)
  3 nagas
  A water moccasin (Lair:3)
  3 orc warriors
  3 wolves (Lair:1)
  An ogre (D:6)
  A centaur (D:9)
  A gnoll sergeant (D:8)
  4 wights (D:7)
  A troll zombie (D:11)
  A hound (D:5)
  2 orc priests
  Ijyb (D:5)
  A gnoll bouda (D:5)
  2 iguanas
  5 orc wizards
  9 gnolls
  5 orcs
  2 goblin zombies (D:11)
  A hobgoblin zombie (D:11)
  2 orc zombies (D:11)
  A bush (D:9)
  15 fulminant prisms
  24 fungi
  157 plants
  5 toadstools (D:1)
318 creatures vanquished.

Grand Total: 973 creatures vanquished

Notes
Turn   | Place    | Note
-------+----------+-------------------------------------------
     0 | D:1      | croobank the Felid Summoner began the quest for the Orb.
     0 | D:1      | Reached XP level 1. HP: 7/7 MP: 4/4
   305 | D:1      | Reached skill level 3 in Dodging
   305 | D:1      | Reached XP level 2. HP: 11/11 MP: 3/6
   308 | D:1      | Learned a level 2 spell: Call Imp
  1338 | D:1      | Reached XP level 3. HP: 14/14 MP: 2/7
  1492 | D:1      | Learned a level 3 spell: Call Canine Familiar
  2730 | D:3      | Found a radiant altar of Vehumet.
  3588 | D:4      | Reached XP level 4. HP: 18/18 MP: 0/9
  3709 | D:4      | Reached skill level 4 in Dodging
  3827 | D:4      | Reached XP level 5. HP: 20/21 MP: 1/10
  3835 | D:4      | Learned a level 3 spell: Summon Guardian Golem
  4153 | D:4      | Reached skill level 1 in Fighting
  4153 | D:4      | Reached skill level 1 in Hexes
  4592 | D:4      | Gained mutation: You are covered in thick fur. (AC +2)
                  | [Felid growth]
  4592 | D:4      | Reached XP level 6. HP: 25/25 MP: 4/12
  4766 | D:4      | Reached skill level 5 in Summonings
  5271 | D:5      | Entered Level 5 of the Dungeon
  5281 | D:5      | Noticed Ijyb
  5308 | D:5      | Killed Ijyb
  5309 | D:5      | Reached skill level 5 in Dodging
  5500 | D:5      | Noticed Edmund
  5515 | D:5      | Killed Edmund
  5516 | D:5      | Reached XP level 7. HP: 30/30 MP: 4/13
  5521 | D:5      | Learned a level 4 spell: Summon Lightning Spire
  5902 | D:5      | Found a burning altar of Makhleb.
  6122 | D:5      | Reached skill level 1 in Air Magic
  6503 | D:5      | Found a staircase to the Ecumenical Temple.
  6572 | D:5      | Reached skill level 6 in Dodging
  6615 | Temple   | Entered the Ecumenical Temple
  6823 | Temple   | Became a worshipper of Gozag Ym Sagoz the Greedy
  7139 | D:5      | Reached XP level 8. HP: 34/34 MP: 4/15
  7954 | D:6      | Found a white marble altar of Elyvilon.
  8085 | D:6      | Found a shimmering altar of Xom.
  8107 | D:6      | Reached skill level 5 in Hexes
  8229 | D:6      | Noticed a two-headed ogre
  8238 | D:6      | Killed a two-headed ogre
  8239 | D:6      | Reached skill level 7 in Dodging
  8239 | D:6      | Reached skill level 5 in Spellcasting
  8544 | D:6      | Reached XP level 9. HP: 20/39 MP: 0/17
  9019 | D:6      | Learned a level 2 spell: Poisonous Vapours
  9433 | D:7      | Reached skill level 1 in Poison Magic
  9910 | D:7      | Found a glowing silver altar of Zin.
 10460 | D:8      | Reached skill level 5 in Fighting
 10460 | D:8      | Reached skill level 8 in Dodging
 10787 | D:8      | Identified a scroll of acquirement
 10787 | D:8      | Acquired the amulet of Essetsom {Acrobat Regen+}
 11652 | D:9      | Reached XP level 10. HP: 44/44 MP: 4/20
 12401 | D:9      | Found a staircase to the Lair.
 12425 | D:9      | Found an iron altar of Okawaru.
 12889 | D:9      | Reached skill level 9 in Dodging
 13091 | D:9      | Found a stormy altar of Qazlal.
 13240 | D:9      | Reached skill level 5 in Air Magic
 13670 | D:10     | Entered Level 10 of the Dungeon
 13793 | D:10     | Bought a book of Beasts for 418 gold pieces
 13799 | D:10     | Learned a level 5 spell: Summon Mana Viper
 14105 | D:10     | Reached XP level 11. HP: 49/49 MP: 7/22
 14639 | D:10     | Found a snail-covered altar of Cheibriados.
 14749 | D:10     | Reached skill level 10 in Dodging
 15444 | D:11     | Noticed a two-headed ogre
 15454 | D:11     | Killed a two-headed ogre
 16061 | D:11     | Found a staircase to the Orcish Mines.
 16437 | D:11     | You fall into a shaft and drop 1 floor!
 16442 | D:12     | Noticed a tengu warrior
 16452 | D:12     | Killed a tengu warrior
 17126 | Lair:1   | Entered Level 1 of the Lair of Beasts
 17395 | Lair:1   | Reached skill level 11 in Dodging
 17704 | Lair:1   | You fall into a shaft and drop 1 floor!
 17922 | Lair:2   | Gained mutation: Your thick and shaggy fur keeps you warm.
                  | (AC +3, rC+) [Felid growth]
 17922 | Lair:2   | Reached XP level 12. HP: 55/55 MP: 24/24
 18017 | Lair:2   | Found a staircase to the Swamp.
 18071 | Lair:2   | Noticed a five-headed hydra
 18089 | Lair:2   | Killed a five-headed hydra
 18134 | Lair:2   | Found a gate leading to a gauntlet.
 18145 | Gauntlet | Entered a Gauntlet
 18145 | Gauntlet | Found a large runed translucent door.
 18145 | Gauntlet | Found a large runed translucent door.
 18145 | Gauntlet | Found a large runed translucent door.
 18145 | Gauntlet | Found a large runed translucent door.
 18145 | Gauntlet | Found a runed translucent door.
 18145 | Gauntlet | Found a large runed translucent door.
 18145 | Gauntlet | Found a large runed translucent door.
 18145 | Gauntlet | Found a transporter.
 18145 | Gauntlet | Found a transporter.
 18145 | Gauntlet | Found a large runed translucent door.
 18145 | Gauntlet | Found a large runed translucent door.
 18145 | Gauntlet | Found a runed translucent gate.
 18145 | Gauntlet | Found a runed translucent gate.
 18145 | Gauntlet | Found a transporter.
 18158 | Gauntlet | Found a transporter.
 18164 | Gauntlet | Found a transporter.
 18189 | Gauntlet | Found a transporter.
 18190 | Gauntlet | Found a runed translucent gate.
 18190 | Gauntlet | Found a runed translucent door.
 18200 | Gauntlet | Found a large runed translucent door.
 18200 | Gauntlet | Found a large runed translucent door.
 18200 | Gauntlet | Found a large runed translucent door.
 18200 | Gauntlet | Found a large runed translucent door.
 18201 | Gauntlet | Found a large runed translucent door.
 18201 | Gauntlet | Found a large runed translucent door.
 18202 | Gauntlet | Found a large runed translucent door.
 18202 | Gauntlet | Found a large runed translucent door.
 18234 | Gauntlet | Found a transporter.
 18250 | Gauntlet | Found a transporter.
 18266 | Gauntlet | Found a transporter.
 18277 | Gauntlet | Found a transporter.
 18278 | Gauntlet | Found a transporter.
 18361 | Gauntlet | Found a transporter.
 19579 | Lair:3   | Noticed a four-headed hydra
 19589 | Lair:3   | Killed a four-headed hydra
 19590 | Lair:3   | Reached skill level 12 in Dodging
 19719 | Lair:3   | Found a dark tunnel.
 19800 | Volcano  | Entered a volcano
 19801 | Volcano  | Noticed a two-headed ogre
 19812 | Volcano  | Killed a two-headed ogre
 19813 | Volcano  | Reached skill level 10 in Summonings
 20469 | Volcano  | Learned a level 4 spell: Summon Ice Beast
 20894 | Volcano  | Learned a level 4 spell: Fulminant Prism
 20942 | Volcano  | Reached skill level 13 in Dodging
 21065 | Volcano  | Noticed a fire dragon
 21347 | Lair:3   | Noticed a seven-headed hydra
 21360 | Lair:3   | Noticed Nessos
 21376 | Lair:3   | Killed a seven-headed hydra
 21385 | Lair:3   | Killed Nessos
 21442 | Lair:3   | Reached XP level 13. HP: 61/61 MP: 8/27
 21798 | Lair:3   | Found a staircase to the Snake Pit.
 22094 | Lair:3   | Reached skill level 1 in Ice Magic
 22739 | Lair:3   | Reached skill level 10 in Fighting
 25521 | Lair:5   | Entered Level 5 of the Lair of Beasts
 25561 | Lair:5   | Reached skill level 10 in Spellcasting
 26190 | Lair:5   | Found a stormy altar of Qazlal.
 26272 | Lair:5   | Reached skill level 14 in Dodging
 26648 | Lair:5   | Noticed a fire dragon
 26905 | Lair:5   | Found a runed translucent door.
 28560 | Lair:5   | Reached XP level 14. HP: 66/66 MP: 15/29
 30221 | Orc:1    | Entered Level 1 of the Orcish Mines
 31688 | Orc:1    | Found Diosh's Distillery.
 31697 | Orc:1    | Bought a potion of heal wounds for 75 gold pieces
 31697 | Orc:1    | Bought a potion of heal wounds for 75 gold pieces
 31697 | Orc:1    | Gained mutation: Your magical capacity is low. (-10% MP)
                  | [potion of mutation]
 31697 | Orc:1    | Gained mutation: Potions are less effective at restoring
                  | your health. [potion of mutation]
 31697 | Orc:1    | Gained mutation: Your mind is acute. (Int +4, Str/Dex -1)
                  | [potion of mutation]
 31698 | Orc:1    | Lost mutation: Potions are less effective at restoring your
                  | health. [potion of mutation]
 31698 | Orc:1    | Lost mutation: Your magical capacity is low. (-10% MP)
                  | [potion of mutation]
 31698 | Orc:1    | Gained mutation: Your spells are a little easier to cast,
                  | but a little less powerful. [potion of mutation]
 31698 | Orc:1    | Gained mutation: You do not regenerate when monsters are
                  | visible. [potion of mutation]
 31698 | Orc:1    | Gained mutation: You have a pair of small antennae on your
                  | head. [potion of mutation]
 31698 | Orc:1    | Gained mutation: Your muscles are strong. (Str +4, Int/Dex
                  | -1) [potion of mutation]
 31699 | Orc:1    | Lost mutation: Your muscles are strong. (Str +4, Int/Dex
                  | -1) [potion of mutation]
 31699 | Orc:1    | Lost mutation: Your mind is acute. (Int +4, Str/Dex -1)
                  | [potion of mutation]
 31699 | Orc:1    | Gained mutation: You are clumsy. (Dex -2) [potion of
                  | mutation]
 31699 | Orc:1    | Lost mutation: You are clumsy. (Dex -2) [potion of
                  | mutation]
 31700 | Orc:1    | Lost mutation: You have a pair of small antennae on your
                  | head. [potion of mutation]
 31700 | Orc:1    | Lost mutation: Your spells are a little easier to cast, but
                  | a little less powerful. [potion of mutation]
 31700 | Orc:1    | Lost mutation: You do not regenerate when monsters are
                  | visible. [potion of mutation]
 31700 | Orc:1    | Gained mutation: Your flesh is heat resistant. (rF+)
                  | [potion of mutation]
 31777 | Orc:1    | Noticed Nergalle
 31836 | Orc:1    | Killed Nergalle
 32246 | Orc:2    | Entered Level 2 of the Orcish Mines
 32360 | Orc:2    | Reached skill level 5 in Ice Magic
 32685 | Orc:2    | Reached skill level 15 in Dodging
 33155 | Orc:2    | Reached skill level 1 in Conjurations
 33432 | Orc:2    | Found Vumpoadu's Weapon Boutique.
 33432 | Orc:2    | Found Qofais's Weapon Shoppe.
 33434 | Orc:2    | Found Rocyvang's Jewellery Emporium.
 33436 | Orc:2    | Found Xogudwuh's Book Shop.
 33478 | Orc:2    | Bought a book of Decay for 510 gold pieces
 33503 | Orc:2    | Bought an amulet of magic regeneration for 360 gold pieces
 33842 | Orc:2    | Found a staircase to the Elven Halls.
 34424 | Snake:1  | Entered Level 1 of the Snake Pit
 34501 | Snake:1  | Found a bloodstained altar of Trog.
 34767 | Snake:1  | Found Xiseh's Book Emporium.
 34848 | Snake:1  | Found Vakuab's Assorted Antiques.
 34898 | Snake:1  | Bought a sedimented white potion for 31 gold pieces
 34898 | Snake:1  | Bought a scroll labelled WUSAKH FUARRICK for 35 gold pieces
 35185 | D:12     | Reached skill level 1 in Transmutations
 35226 | D:12     | Reached skill level 1 in Earth Magic
 35489 | D:12     | Learned a level 6 spell: Statue Form
 35644 | D:12     | Found a hide-covered altar of Uskayaw.
 36754 | D:13     | Found a gate to the Vaults.
 37688 | D:14     | Found Napt's Firing Range.
 38048 | D:14     | Found a runed translucent gate.
 38048 | D:14     | Found a runed translucent gate.
 38048 | D:14     | Found a runed translucent gate.
 38048 | D:14     | Noticed Mellaop's ghost (journeyman FoFi)
 38049 | D:14     | Noticed Wociock's ghost (journeyman DgHW)
 38049 | D:14     | Noticed Uummannaq's ghost (journeyman MiFi)
 38049 | D:14     | Noticed Mellaop's ghost (journeyman FoFi)
 38341 | Snake:1  | You fall into a shaft and drop 1 floor!
 38341 | Snake:2  | Noticed Vashnia
 38341 | Snake:2  | Found Lealocyf's Distillery.
 38342 | Snake:2  | Noticed Donald
 38588 | Snake:1  | Found Ottoimih's Book Shoppe.
 38603 | Snake:1  | Bought a potion of haste for 350 gold pieces
 38603 | Snake:1  | Bought a wand of mindburst (6) for 294 gold pieces
 38753 | Snake:1  | Reached XP level 15. HP: 72/72 MP: 16/31
 39089 | Snake:1  | Found a runed translucent door.
 39112 | Snake:1  | Noticed Louise
 39147 | Snake:1  | Killed Louise
 39310 | Snake:1  | Reached skill level 16 in Dodging
 40518 | Snake:2  | Noticed Aizul
 40713 | Snake:2  | Killed Aizul
 40727 | Snake:2  | Reached skill level 5 in Transmutations
 41755 | Snake:2  | Killed Donald
 41833 | Snake:3  | Reached skill level 5 in Earth Magic
 41833 | Snake:4  | Entered Level 4 of the Snake Pit
 42624 | Snake:3  | Shot with an arrow by a naga sharpshooter
 42625 | Snake:3  | Reached XP level 14. HP: -3/69 MP: 15/31
 43136 | Snake:3  | Reached skill level 17 in Dodging
 43337 | Snake:3  | Found Miath's Jewellery Shop.
 43433 | Snake:3  | Reached XP level 15. HP: 61/73 MP: 18/32
 44608 | Snake:4  | Mangled by a shock serpent
 44609 | Snake:4  | Reached XP level 14. HP: -6/70 MP: 22/31
 44867 | Snake:4  | Noticed a quicksilver dragon
 44878 | Snake:4  | Noticed a quicksilver dragon
 44889 | Snake:4  | Killed from afar by a quicksilver dragon

Illustrated notes

Levels and vault maps discovered:
D:1:      ldierk_walled_garden, layout_loops_ring
D:2:      layout_basic
D:3:      layout_basic, nicolae_overflow_hidden_temple, dk_noncrumbling_3
D:4:      layout_basic, minmay_a_box_with_orc_wizards_in_it
D:5:      layout_loops_ring, makhleb_heckhound_becter,
          minmay_temple_entry_wispy, uniq_ijyb, uniq_edmund
D:6:      layout_gridville, lemuel_doored_altar, mainiacjoe_overflow_brackets
D:7:      layout_basic, zin_treasury
D:8:      layout_basic
D:9:      layout_long_grid, okawaru_trees_1, mainiacjoe_overflow_alcove_2,
          minmay_lair_entry_grove, minmay_door_square
D:10:     layout_stronghold, lemuel_round_altar, chequers_big_river
D:11:     layout_rooms, zombieorc2_lemuel
D:12:     layout_cross, dancing_weapons_uskayaw
D:13:     layout_rooms, david_vaults_4
D:14:     layout_loops_corners, gammafunk_ghost_cemetery,
          nicolae_shop_firing_range
Temple:   minmay_temple_curvy_branch
Lair:1:   layout_chaotic_city
Lair:2:   layout_misc_corridors, minmay_swamp_entry_eels, gauntlet_entry_generic
Lair:3:   layout_cave_pods, minmay_snake_entry_guardpost_medium,
          enter_volcano_3, lemuel_fruit_tree, infiniplex_staircase_pool,
          grunt_megastairs_2, uniq_nessos
Lair:4:   layout_regular_city, minmay_slime_entry_oklob_enclosed,
          grunt_megastairs_4, lemuel_fruit_fields
Lair:5:   wormcave, layout_long_grid, guppyfry_lair_end_dragon, basic_altar
Snake:1:  layout_grid_maze, basic_altar, serial_shops, nicolae_shop_crystal,
          lightli_airlock, minmay_shop_star, uniq_louise
Snake:2:  layout_misc_corridors, serial_shops, nicolae_stop_n_shop_1,
          uniq_aizul, uniq_donald, uniq_vashnia
Snake:3:  layout_grid_shapes, serial_shops, nicolae_shop_statue_plus
Snake:4:  hellmonk_snake_rune_quicksilver_temple, layout_chambers,
          grunt_ministairs_8, st_stairs_3, grunt_megastairs_1
Orc:1:    layout_diamond_mine, serial_shops, shop, uniq_nergalle
Orc:2:    st_orc_rangers, layout_caves, mines2_david

Skill      XL: |  1  2  3  4  5  6  7  8  9 10 11 12 13 14 15 |
---------------+----------------------------------------------+-----
Stealth        | 3 4 |  4.4
Dodging        | 3 4 5 6 7 8 9 11 13 14 17 16 | 17.3
Spellcasting   | 3 4 5 6 7 9 10 11 12 | 12.0
Fighting       | 1 2 4 5 6 7 9 10 13 | 13.3
Hexes          | 1 3 4 5 7 |  7.0
Summonings     | 5 6 7 8 9 10 11 12 | 12.0
Air Magic      | 1 3 4 5 6 7 |  7.0
Poison Magic   | 3 4 |  4.8
Ice Magic      | 4 5 |  5.0
Conjurations   | 3 |  3.0
Transmutations | 3 7 |  7.3
Earth Magic    | 2 6 |  6.1

Action                   |  1- 3 |  4- 6 |  7- 9 | 10-12 | 13-15 || total
-------------------------+-------+-------+-------+-------+-------++-------
Melee: Unarmed           |    33 |     5 |    22 |    46 |    91 ||   197
       Bite              |     2 |       |     1 |     6 |    17 ||    26
       Punch             |       |       |       |       |     1 ||     1
 Cast: Summon Small Mamm |    63 |    20 |    51 |    29 |    13 ||   176
       Call Imp          |    20 |    10 |    16 |    11 |     6 ||    63
       Call Canine Famil |    11 |    13 |    49 |    37 |    21 ||   131
       Summon Guardian G |       |     4 |    38 |    46 |   112 ||   200
       Summon Lightning  |       |       |     6 |    87 |   191 ||   284
       Summon Mana Viper |       |       |       |    57 |   188 ||   245
       Poisonous Vapours |       |       |       |     6 |    31 ||    37
       Summon Ice Beast  |       |       |       |     5 |    93 ||    98
       Fulminant Prism   |       |       |       |     4 |    11 ||    15
       Statue Form       |       |       |       |       |     3 ||     3
Invok: Call Merchant     |       |       |       |     2 |     1 ||     3
       Potion Petition   |       |       |       |     2 |     3 ||     5
Evoke: Wand              |       |       |       |    33 |    34 ||    67
       Condenser vane    |       |       |       |       |     1 ||     1
  Use: Scroll            |     7 |     2 |    11 |     6 |    14 ||    40
       Potion            |       |     1 |       |     6 |    30 ||    37
 Stab: Distracted        |     1 |     1 |     1 |     1 |       ||     4
       Invisible         |       |       |       |       |     2 ||     2
       Sleeping          |       |       |       |       |     1 ||     1
Armor: Skin              |     2 |     1 |     3 |     6 |    19 ||    31
Dodge: Dodged            |    53 |    19 |    82 |   168 |   590 ||   912
Block: Other             |       |       |       |       |    24 ||    24
       Reflection        |       |       |       |       |     3 ||     3
